 Dungeon Crawl Stone Soup version 0.31-a0-596-g831eee0 (webtiles) character file.

Game seed: 12599924597532907317

77 three the Chopper (level 4, -4/39 HPs)
             Began as a Minotaur Berserker on Aug 20, 2023.
             Was an Initiate of Gozag.
             Slain by a polar bear (12 damage)
             ... created by the rage of Trog
             ... on level 2 of the Dungeon.
             The game lasted 00:04:55 (2011 turns).

three the Chopper (Minotaur Berserker)              Turns: 2011, Time: 00:04:56

Health: -4/39      AC:  5    Str: 18 (23) XL:     4   Next: 13%
Magic:  3/3        EV: 12    Int:  2 (4)  God:    Gozag
Gold:   98         SH:  0    Dex:  9 (10) Spells: 3/3 levels left

rFire   . . .        k - +1 war axe
rCold   . . .        (no shield)
rNeg    . . .        b - +0 animal skin
rPois   .            (helmet restricted)
rElec   .            q - +0 cloak
rCorr   .            o - +0 pair of gloves
SInv    .            g - +0 pair of boots
Will    .....        (no amulet)
Stlth   +            (no ring)
HPRegen 0.26/turn    (no ring)
MPRegen 0.08/turn

%: no passive effects
@: brilliant
A: horns 2, retaliatory headbutt, subdued magic 1
a: Renounce Religion, Potion Petition, Call Merchant, Bribe Branch


You were on level 2 of the Dungeon.
You worshipped Gozag.
Gozag was noncommittal.
You visited 1 branch of the dungeon, and saw 3 of its levels.

You collected 129 gold pieces.
You paid 31 gold pieces to Gozag.

Inventory:

Hand Weapons
 a - a +0 hand axe
 k - a +1 war axe (weapon)
Missiles
 m - 5 javelins (quivered)
Armour
 b - a +0 animal skin (worn)
 g - a +0 pair of boots (worn)
 o - a +0 pair of gloves (worn)
 q - a +0 cloak (worn)
Jewellery
 p - a ring of see invisible
Scrolls
 d - a scroll of torment
 e - a scroll of vulnerability


   Skills:
 - Level 3.6 Fighting
 + Level 6.1 Axes
 - Level 2.4 Armour
 - Level 2.1 Dodging


You had 3 spell levels left.
You didn't know any spells.
Your spell library was empty.

Dungeon Overview and Level Annotations

Branches:
Dungeon (3/15)

Altars:
Gozag

Shops:
D:1 =[   D:2 [

Annotations:
D:3 1 runed translucent door, Dega's ghost, amateur SpHu


Innate Abilities, Weirdness & Mutations

You have a pair of horns on your head.
You reflexively headbutt those who attack you in melee.
Your spells are a little easier to cast, but a little less powerful.


Message History

The polar bear bites you! The polar bear claws you.
The polar bear closely misses you.
You climb upwards.
There is a stone staircase leading down here.
Okay, then.
It was a potion of brilliance.
You feel clever all of a sudden. The polar bear closely misses you.
The polar bear claws you. The polar bear barely misses you.
It was a potion of curing.
You feel better. The polar bear bites you! The polar bear misses you.
The polar bear claws you but does no damage.
You hit the polar bear but do no damage.
You headbutt the polar bear, but do no damage.
The polar bear bites you!
* * * LOW HITPOINT WARNING * * *
The polar bear claws you but does no damage. x2
It was a potion of heal wounds.
You feel much better. The polar bear closely misses you. x3
You hit the polar bear. Your headbutt misses the polar bear.
The polar bear is lightly wounded.
The polar bear closely misses you.
The polar bear claws you but does no damage. x2
The polar bear bites you. The polar bear claws you. x2
You hit the polar bear.
The polar bear is lightly wounded.
The polar bear bites you!
The polar bear claws you but does no damage. x2
It was a potion of degeneration.
There was something very wrong with that liquid.
You feel weakened.
You feel dopey.
You feel clumsy. The polar bear bites you!
* * * LOW HITPOINT WARNING * * *
The polar bear misses you. The polar bear claws you.
* * * LOW HITPOINT WARNING * * *
It was a potion of mutation.
You feel extremely strange.
Your connection to magic feels subdued.
The polar bear bites you!
You die...
Your body crumbles into a pile of gold.

######.........# ###.#.##
##........####...#.#
#.###.###......##.#######
#...#.# #......##........
###...###......##########
##.....................
#......>..############
####h....## #.@..##
####.# #.# #.# #.# #.#
#.# #.# #.#


You could see a polar bear.

Vanquished Creatures
  2 adders (D:2)
  2 worms
  A dart slug (D:1)
  3 orcs (D:3)
  5 bats
  2 endoplasms (D:2)
  6 goblins
  4 hobgoblins
  5 jackals (D:2)
  A quokka (D:1)
  5 ball pythons
  2 frilled lizards
  4 kobolds
  4 rats
46 creatures vanquished.

Notes
Turn   | Place    | Note
-------+----------+-------------------------------------------
     0 | D:1      | three the Minotaur Berserker began the quest for the Orb.
     0 | D:1      | Reached XP level 1. HP: 19/19 MP: 0/0
   162 | D:1      | Found Jucetefu's Antique Armour Shoppe.
   225 | D:1      | Reached skill level 4 in Axes
   257 | D:1      | Found Veorrem's Jewellery Shoppe.
   395 | D:1      | Reached XP level 2. HP: 25/26 MP: 1/1
   912 | D:2      | Reached skill level 5 in Axes
   933 | D:2      | Reached XP level 3. HP: 31/31 MP: 2/2
  1193 | D:2      | Reached ** piety under Trog
  1482 | D:2      | Found Voipn's Armour Shop.
  1611 | D:3      | Found a runed translucent door.
  1611 | D:3      | Noticed Dega's ghost (amateur SpHu)
  1678 | D:3      | Found an opulent altar of Gozag.
  1706 | D:3      | Fell from the grace of Trog
  1706 | D:3      | Became a worshipper of Gozag Ym Sagoz the Greedy
  1730 | D:3      | Reached XP level 4. HP: 37/39 MP: 3/3
  1735 | D:3      | Reached skill level 6 in Axes
  1844 | D:3      | Noticed a polar bear
  1844 | D:3      | Noticed a polar bear
  1844 | D:3      | Noticed a polar bear
  1844 | D:3      | Noticed a black bear
  2011 | D:2      | Gained mutation: Your spells are a little easier to cast,
                  | but a little less powerful. [potion of mutation]
  2011 | D:2      | Slain by a polar bear

Illustrated notes

Levels and vault maps discovered:
D:1:      dpeg_arrival_circle_labyrinth_a, layout_basic, serial_shops,
          nicolae_shop_stone, nicolae_shop_tiny_statue_garden
D:2:      layout_basic, serial_shops, shop
D:3:      layout_loops_ring, nicolae_gozag_seed_capital,
          ebering_ghost_inner_flame, minmay_misc_feat_square

Skill      XL: |  1  2  3  4 |
---------------+-------------+-----
Axes           | 4 5 6 |  6.1
Fighting       | |  3.6
Armour         | |  2.4
Dodging        | |  2.1

Action                     |  1- 3 |  4- 6 || total
---------------------------+-------+-------++-------
  Melee: Hand axe          |    31 |       ||    31
         War axe           |    51 |    14 ||    65
         Headbutt          |     6 |     4 ||    10
         Punch             |     1 |       ||     1
 Invoke: Berserk           |     2 |       ||     2
    Use: Scroll            |     3 |     3 ||     6
         Potion            |       |     5 ||     5
 Armour: Animal skin       |    32 |    12 ||    44
  Dodge: Dodged            |    42 |    14 ||    56

Table legend: (Time is in decaauts)
 A = Elapsed time spent in this place.
 B = Non-inter-level travel time spent in this place.
 C = Inter-level travel time spent in this place.
 D = Time resting spent in this place.
 E = Time spent auto-exploring this place.
 F = Levels seen in this place.
 G = Mean time per level.
                   A        B        C        D        E       F      G
               +--------+--------+--------+--------+--------+-----+--------+
         Total |   2043 |   1918 |    125 |    257 |   1289 |   3 |  681.0 |
       Dungeon |   2043 |   1918 |    125 |    257 |   1289 |   3 |  681.0 |
               +--------+--------+--------+--------+--------+-----+--------+

Top non-repeatable levels by time:
     D:2: 1034 daAuts
     D:1: 715 daAuts
     D:3: 294 daAuts
